 Dungeon Crawl Stone Soup version 0.29.1-15-g9cfb28693d (webtiles) character file.

Game seed: 3893831218315248839

14450 cdecastro the Severer (level 11, 0/92 (99) HPs)
             Began as a Minotaur Fighter on Mar 9, 2023.
             Was a High Priest of Ru.
             Slain by an eight-headed hydra (9 damage)
             ... on level 12 of the Dungeon.
             The game lasted 00:34:14 (15667 turns).

cdecastro the Severer (Minotaur Fighter)           Turns: 15667, Time: 00:34:15

HP:   0/92 (99)     AC: 19    Str: 30    XL:     11   Next: 88%
MP:   4/10          EV:  9    Int:  5    God:    Ru [*****.]
Gold: 833           SH:  5    Dex: 11    Spells: 10/10 levels left

rFire   . . .      SeeInvis .   M - +0 war axe (flame)
rCold   . . .      Faith    .   c - +0 buckler
rNeg    . . .      Spirit   .   X - +3 plate armour {rPois}
rPois   +          Reflect  .   W - +1 hat
rElec   .          Harm     .   H - +0 cloak
rCorr   .          Rampage  .   (no gloves)
Will    +....                   t - +0 pair of boots
Stlth   ..........              (no amulet)
HPRegen 0.25/turn               x - ring of willpower
MPRegen 0.12/turn               I - +6 ring of strength

@: exhausted, drained
A: horns 2, inability to use devices, hated by all, no air magic, no
translocations magic, no transmutations magic, retaliatory headbutt
a: Renounce Religion, Draw Out Power, Power Leap, Apocalypse


You were on level 12 of the Dungeon.
You worshipped Ru.
Ru was extremely pleased with you.
You visited 2 branches of the dungeon, and saw 14 of its levels.
You also visited: Bailey.

You collected 1363 gold pieces.
You spent 530 gold pieces at shops.

Inventory:

Hand Weapons
 a - a +0 war axe
 A - a +2 spear of flaming
 G - a +1 flail of protection
 K - a +2 flail of protection
 L - a +3 battleaxe
 M - a +0 war axe of flaming (weapon)
 P - a +0 broad axe
Missiles
 f - 5 atropa-tipped darts
 s - 37 poisoned darts (quivered)
 y - 6 javelins
 C - 29 boomerangs
 S - a curare-tipped dart
Armour
 c - a +0 buckler (worn)
 t - a +0 pair of boots (worn)
 H - a +0 cloak (worn)
 N - +0 swamp dragon scales
 W - a +1 hat (worn)
 X - a +3 plate armour of poison resistance (worn)
Jewellery
 g - a ring of ice
 x - a ring of willpower (left hand)
 E - a ring of resist corrosion
 I - a +6 ring of strength (right hand)
 R - a +6 ring of strength
Wands
 v - a wand of mindburst (10)
 B - a wand of flame (2)
Scrolls
 b - a scroll of immolation {unknown}
 e - 2 scrolls of amnesia {unknown}
 h - a scroll of noise {unknown}
 k - 2 scrolls of summoning {unknown}
 l - 6 scrolls of teleportation
 m - a scroll of silence {unknown}
 n - 4 scrolls of butterflies {unknown}
 q - 5 scrolls of magic mapping {unknown}
 J - a scroll of vulnerability {unknown}
 Q - a scroll of enchant armour {unknown}
 T - a scroll of blinking {unknown}
 U - a scroll of enchant weapon {unknown}
 V - a scroll of identify
Potions
 d - a potion of might
 i - 6 potions of curing
 j - 4 potions of lignification
 o - 3 potions of mutation
 p - a potion of invisibility
 r - 4 potions of heal wounds
 u - a potion of ambrosia
 w - 2 potions of attraction
 z - a potion of resistance
 D - 2 potions of haste
 F - 2 potions of cancellation
 O - 4 potions of flight


   Skills:
 - Level 10.0 Fighting
 - Level 18.0 Axes
 - Level 5.0 Throwing
 + Level 6.3 Armour
 - Level 5.0 Dodging
 - Level 5.0 Shields
 - Level 2.4 Unarmed Combat


You had 10 spell levels left.
You didn't know any spells.
Your spell library contained the following spells:

 Spells                   Type           Power      Damage    Failure   Level
 Magic Dart               Conj           0%         1d3       99%         1
 Dazzling Flash           Conj/Hex       0%         N/A       100%        3
 Dispel Undead            Necr           0%         3d6       100%        4
 Leda's Liquefaction      Hex/Erth       0%         N/A       100%        4
 Olgreb's Toxic Radiance  Pois           0%         N/A       100%        4
 Sticky Flame             Conj/Fire      0%         2d3       100%        4
 Lee's Rapid Deconstruct  Erth           0%         3d5*      100%        5
 Starburst                Conj/Fire      0%         6d3       100%        6
 Sting                    Tmut/Pois      Unusable   1d3       N/A         1
 Call Imp                 Summ           Unusable   N/A       N/A         2
 Poisonous Vapours        Pois/Air       Unusable   N/A       N/A         2
 Static Discharge         Conj/Air       Unusable   3-3/arc   N/A         2
 Mephitic Cloud           Conj/Pois/Air  Unusable   N/A       N/A         3
 Iskenderun's Mystic Bla  Conj/Tloc      Unusable   2d3       N/A         4
 Statue Form              Tmut/Erth      Unusable   N/A       N/A         6

Dungeon Overview and Level Annotations

Branches:
Dungeon (13/15)            Temple (1/1) D:7            Lair (0/5) D:9
    Orc (0/2) D:11         Bailey (visited)
 Vaults: D:13-14

Altars:
Ashenzari
Cheibriados
Dithmenos
Elyvilon
Gozag
Kikubaaqudgha
Makhleb
Nemelex Xobeh
Okawaru
Qazlal
Ru
Sif Muna
Trog
Uskayaw
Vehumet
Wu Jian
Xom
Zin
The Shining One

Shops:
D:5 (   D:7 [   D:9 [

Annotations:
D:4 vault need fly
D:11 Erica
D:12 Maurice


Innate Abilities, Weirdness & Mutations

You have a pair of horns on your head.
You cannot study or use magical devices.
You are hated by all.
You cannot study or cast Air magic.
You cannot study or cast Translocations magic.
You cannot study or cast Transmutations magic.
You reflexively headbutt those who attack you in melee.


Message History

The boulder beetle bites you but does no damage.
You hit the boulder beetle but do no damage.
The boulder beetle is severely wounded.
You hit the boulder beetle but do no damage.
You headbutt the boulder beetle, but do no damage.
The boulder beetle is severely wounded.
The boulder beetle bites you!!
* * * LOW HITPOINT WARNING * * *
You hit the boulder beetle but do no damage.
You headbutt the boulder beetle, but do no damage.
The boulder beetle is severely wounded.
You redirect the boulder beetle's attack!
The boulder beetle bites you!
* * * LOW HITPOINT WARNING * * *
You focus your inner power and blind the boulder beetle in retribution!
Activating: Apocalypse
Press: ? - help, Dir - look around, f - activate You reveal the great annihilating truth to your foes!
You kill the boulder beetle!
You feel drained.
You hear a roar!
You hear a shout!
You hear a roar!
You hear a bellow!
Your Armour skill increases to level 6!
Unknown command.
You start resting.
An eight-headed hydra comes into view.
You see here a boulder beetle corpse.
You see here a +0 rapier.
There is a stone staircase leading down here.
You climb downwards.
The seven-headed hydra roars!
The human shouts!
Found a dagger and 15 gold pieces.
There is a stone staircase leading up here.
You climb upwards.
Level annotation: Maurice
There is a stone staircase leading down here.
Unknown command.
Found an escape hatch in the ceiling.
There is a stone staircase leading down here.
The eight-headed hydra bites you!
You die...

#.............#
[....
#.<....#.....##
....
##.....#.....##
...
#...##.......## D.
###)#........... .
##....>........#..
#..............# #
##.....D......$#
#..)...#.@........
#.....##..........
#.....##......##.
##...........##
.......#.....# ...
<.###...## ...
.... .... .....


You could see an eight-headed hydra.

Vanquished Creatures
  A boulder beetle (D:12)
  A hydra (D:8)
  3 two-headed ogres
  A skeletal warrior (D:11)
  A deep elf pyromancer (D:12)
  A cyclops (D:8)
  Maggie (D:8)
  A komodo dragon (D:9)
  2 trolls
  A hornet (D:7)
  A shadow (D:12)
  13 yaks
  Eustachio (D:6)
  2 vampires (D:11)
  4 vampire mosquitoes
  Grum (D:8)
  5 steam dragons
  Edmund (D:6)
  An acid dragon (D:11)
  2 water moccasins
  A black bear (D:6)
  10 orc warriors
  A sky beast (D:7)
  2 ice beasts (D:5)
  2 wolves (D:9)
  2 ogres
  4 centaurs
  A phantom (D:4)
  3 kobold brigands
  A necrophage (D:6)
  2 gnoll sergeants (D:8)
  8 bullfrogs
  2 scorpions
  10 wights
  4 killer bees (D:8)
  3 howler monkeys
  2 hounds (D:4)
  A jelly (D:8)
  12 orc priests
  5 iguanas
  3 gnoll boudas
  9 orc wizards
  19 gnolls
  6 adders
  2 shadow imps
  A white imp (D:8)
  3 ufetubi
  2 worms
  4 dart slugs
  36 orcs
  11 bats
  6 endoplasms
  5 giant cockroaches
  10 goblins
  13 hobgoblins
  2 jackals (D:2)
  3 quokkas
  9 ball pythons
  4 frilled lizards
  21 kobolds
  8 rats
297 creatures vanquished.

Vanquished Creatures (others)
  A troll (D:11)
  A kobold (D:8)
  27 plants
29 creatures vanquished.

Grand Total: 326 creatures vanquished

Notes
Turn   | Place    | Note
-------+----------+-------------------------------------------
     0 | D:1      | cdecastro the Minotaur Fighter began the quest for the Orb.
     0 | D:1      | Reached XP level 1. HP: 19/19 MP: 0/0
    37 | D:1      | Found a faded altar of an unknown god.
    48 | D:1      | Reached skill level 3 in Axes
    73 | D:1      | Reached XP level 2. HP: 22/26 MP: 1/1
   159 | D:1      | Reached skill level 4 in Axes
   391 | D:1      | Reached XP level 3. HP: 31/31 MP: 2/2
   962 | D:2      | Reached skill level 5 in Axes
  1092 | D:2      | Reached XP level 4. HP: 28/39 MP: 3/3
  1647 | D:3      | Found an opulent altar of Gozag.
  1827 | D:3      | Reached skill level 6 in Axes
  2141 | D:3      | Reached XP level 5. HP: 27/45 MP: 4/4
  2534 | D:4      | Found a white marble altar of Elyvilon.
  2555 | D:4      | Became a worshipper of Elyvilon the Healer
  2563 | D:4      | Noticed a phantom
  2572 | D:4      | Killed a phantom
  2573 | D:4      | Reached skill level 7 in Axes
  2659 | D:4      | Reached XP level 6. HP: 40/51 MP: 5/5
  2746 | D:4      | Found a shadowy altar of Dithmenos.
  2920 | D:4      | Reached skill level 8 in Axes
  3110 | D:4      | Found a sacrificial altar of Ru.
  3126 | D:4      | Fell from the grace of Elyvilon
  3126 | D:4      | Became a worshipper of Ru the Awakened
  3501 | D:4      | Reached skill level 9 in Axes
  3835 | D:5      | Entered Level 5 of the Dungeon
  3845 | D:5      | Noticed an ice beast
  3855 | D:5      | Killed an ice beast
  3856 | D:5      | Reached XP level 7. HP: 57/57 MP: 6/6
  4253 | D:5      | Reached skill level 10 in Axes
  4484 | D:4      | Reached skill level 5 in Fighting
  4930 | D:5      | Found Zemna's Antique Weapon Shop.
  5345 | D:6      | Reached XP level 8. HP: 67/71 MP: 7/7
  5373 | D:6      | Gained mutation: You cannot study or cast Air magic. [Ru
                  | sacrifice]
  5373 | D:6      | Gained mutation: You cannot study or cast Transmutations
                  | magic. [Ru sacrifice]
  5373 | D:6      | Gained mutation: You cannot study or cast Translocations
                  | magic. [Ru sacrifice]
  5373 | D:6      | Reached * piety under Ru
  5472 | D:6      | Found a bloodstained altar of Trog.
  5472 | D:6      | Found a glowing golden altar of the Shining One.
  5801 | D:6      | Noticed Edmund
  5811 | D:6      | Killed Edmund
  6127 | D:6      | Found a snail-covered altar of Cheibriados.
  6184 | D:6      | Noticed Eustachio
  6201 | D:6      | Killed Eustachio
  6202 | D:6      | Reached skill level 10 in Fighting
  6342 | D:7      | Found Uddo's Armour Shop.
  6772 | D:7      | Reached skill level 11 in Axes
  6772 | D:7      | Reached XP level 9. HP: 76/85 MP: 8/8
  7347 | D:7      | Paralysed by a hornet for 3 turns
  7353 | D:7      | Reached skill level 12 in Axes
  7583 | D:7      | Found a staircase to the Ecumenical Temple.
  7741 | Temple   | Entered the Ecumenical Temple
  8270 | D:8      | Reached skill level 5 in Shields
  8347 | D:8      | Noticed Maggie
  8355 | D:8      | Killed Maggie
  8356 | D:8      | Reached skill level 13 in Axes
  8846 | D:8      | Noticed a cyclops
  8846 | D:8      | Noticed a six-headed hydra
  8909 | D:8      | Reached XP level 10. HP: 23/93 MP: 9/9
  8981 | D:9      | Reached skill level 14 in Axes
  8996 | D:9      | Reached skill level 5 in Armour
  9149 | D:9      | Noticed a two-headed ogre
  9406 | D:9      | Killed a two-headed ogre
  9598 | D:9      | Gained mutation: You are hated by all. [Ru sacrifice]
  9598 | D:9      | Reached ** piety under Ru
  9598 | D:9      | Reached *** piety under Ru
  9661 | D:9      | Reached skill level 15 in Axes
  9826 | D:9      | Found a staircase to the Lair.
 10017 | D:9      | Found Iheaji's Antique Armour Emporium.
 10077 | D:9      | Reached skill level 16 in Axes
 10418 | D:10     | Entered Level 10 of the Dungeon
 10433 | D:10     | Reached skill level 1 in Dodging
 10602 | D:10     | Noticed a two-headed ogre
 10612 | D:10     | Killed a two-headed ogre
 10757 | D:10     | Found a flagged portal.
 10766 | Bailey   | Entered a bailey
 10812 | Bailey   | Reached skill level 5 in Dodging
 10837 | Bailey   | Reached XP level 11. HP: 99/99 MP: 10/10
 11254 | D:10     | Noticed a two-headed ogre
 11278 | D:10     | Killed a two-headed ogre
 12009 | D:11     | Found a staircase to the Orcish Mines.
 12256 | D:11     | Noticed Erica
 12361 | D:11     | Gained mutation: You cannot study or use magical devices.
                  | [Ru sacrifice]
 12361 | D:11     | Reached **** piety under Ru
 12361 | D:11     | Reached ***** piety under Ru
 12437 | D:12     | Noticed a boulder beetle
 12652 | D:8      | Noticed Grum
 12705 | D:8      | Killed Grum
 12730 | D:8      | Reached skill level 17 in Axes
 13424 | D:8      | Killed a three-headed hydra
 13638 | D:8      | Found a sparkling altar of Nemelex Xobeh.
 13691 | D:8      | Reached skill level 18 in Axes
 13812 | D:8      | Reached skill level 1 in Throwing
 13973 | D:7      | Bought a +1 hat for 110 gold pieces
 13973 | D:7      | Bought a +3 plate armour of poison resistance for 420 gold
                  | pieces
 14222 | D:12     | Noticed Maurice
 14222 | D:12     | Noticed a skeletal warrior
 14222 | D:12     | Noticed a skeletal warrior
 14222 | D:12     | Noticed a skeletal warrior
 14884 | D:11     | Killed a skeletal warrior
 15416 | D:12     | Noticed a deep elf pyromancer
 15428 | D:12     | Killed a deep elf pyromancer
 15429 | D:12     | Reached skill level 5 in Throwing
 15624 | D:12     | Noticed a boulder beetle
 15643 | D:12     | HP: 3/99 [boulder beetle (13)]
 15644 | D:12     | Killed a boulder beetle
 15646 | D:12     | Noticed an eight-headed hydra
 15661 | D:13     | Noticed a seven-headed hydra
 15667 | D:12     | Slain by an eight-headed hydra

Illustrated notes

Levels and vault maps discovered:
D:1:      scummos_arrival_hexagon, layout_loops_ring,
          ebering_ecumenical_altar_rust
D:2:      layout_loops_ring
D:3:      layout_basic, mainiacjoe_overflow_cross_hatched, minmay_pentangle
D:4:      layout_basic, nicolae_ru_great_annihilating_truth,
          mainiacjoe_overflow_catwalk, nicolae_dithmenos_shadow_blocks,
          kennysheep_small_spiral, corexii_item_surrounded_by_moat
D:5:      layout_rooms, serial_shops, nicolae_take_the_stairs
D:6:      nicolae_BIG_FREAKIN_CUBE, layout_basic, cheibriados_altar_1,
          mainiacjoe_overflow_divided_tiny, kennysheep_generic_room_16,
          uniq_edmund, uniq_eustachio
D:7:      layout_loops_cross, minmay_temple_entry_fiery, nicolae_stop_n_shop_2,
          minmay_misc_feat_chi, corexii_checkpoint_a
D:8:      nzn_winding_woodlands_cross [nzn_winding_woodlands_5x15_concentric,
          nzn_winding_woodlands_5x15_eye, nzn_winding_woodlands_5x15_jagged,
          nzn_winding_woodlands_5x15_pockets,
          nzn_winding_woodlands_15x15_killbox], layout_rooms,
          mainiacjoe_overflow_alcove_1, uniq_maggie, uniq_grum
D:9:      layout_basic, david_lair_shrubbed, serial_shops, kennysheep_mini
D:10:     layout_basic, enter_bailey_2
D:11:     layout_small_grid, david_orc_1_choice, uniq_erica
D:12:     hangedman_cross_veins, layout_cave_pools, uniq_jorgrun, uniq_maurice
D:13:     layout_roguey
Temple:   dpeg_chambers_temple

Skill      XL: |  1  2  3  4  5  6  7  8  9 10 11 |
---------------+----------------------------------+-----
Axes           | 3 4 5 6 7 9 10 11 13 16 18 | 18.0
Fighting       | 6 10 | 10.0
Unarmed Combat | 2 |  2.4
Shields        | 5 |  5.0
Armour         | 5 6 |  6.3
Dodging        | 5 |  5.0
Throwing       | 5 |  5.0

Action                   |  1- 3 |  4- 6 |  7- 9 | 10-12 || total
-------------------------+-------+-------+-------+-------++-------
Melee: War axe           |    77 |   145 |   272 |   376 ||   870
       Headbutt          |     4 |    19 |    56 |    91 ||   170
       Punch             |       |     3 |       |       ||     3
       Battleaxe         |       |       |    21 |       ||    21
Throw: Dart              |       |       |       |     5 ||     5
Invok: Sacrifice Arcana  |       |       |     1 |       ||     1
       Sacrifice Love    |       |       |       |     1 ||     1
       Draw Out Power    |       |       |       |     1 ||     1
       Apocalypse        |       |       |       |     1 ||     1
       Sacrifice Artific |       |       |       |     1 ||     1
  Use: Potion            |       |     1 |       |     2 ||     3
       Scroll            |       |       |     2 |    11 ||    13
 Stab: Paralysed         |       |     1 |       |     2 ||     3
       Invisible         |       |     1 |       |     1 ||     2
       Distracted        |       |       |       |     1 ||     1
Armor: Scale mail        |    63 |    50 |       |       ||   113
       Chain mail        |       |    20 |   114 |       ||   134
       Plate armour      |       |       |    34 |    37 ||    71
       Swamp dragon scal |       |       |    10 |    64 ||    74
Dodge: Dodged            |    47 |    50 |   110 |   132 ||   339
Block: Buckler           |       |       |     6 |    64 ||    70
